Map: Lost and Found LE

Players

Harstem

  • Race: Protoss Protoss
  • League: Master
  • Spawn Location: 1:00

Bunny - Winner!

  • Race: Terran Terran
  • League: Diamond
  • Spawn Location: 7:00

Event: HomeStory Cup XVII

VOD

Have the link to the VOD?

Description

Time

  • Played on: June 30, 2018, 5:56 p.m.
  • Length: 18:08

All games in this series

Show
View Real Time Build Order
Export as new Build Order

Harstem Protoss 

Build Orders: 1 Gate Expand, Oracle Opening 

Get SALT Encoding   

  12  0:01  Probe  
  13  0:13  Probe  
  14  0:17  Pylon  
  14  0:24  Probe  
  15  0:33  Probe  
  15  0:37  Gateway  
  15  0:41  Probe  
  16  0:46  Assimilator  
  17  0:51  Probe  
  18  1:00  Assimilator  
  18  1:03  Probe  
  19  1:15  Probe  
  20  1:25  Cybernetics Core  
  20  1:27  Probe  
  21  1:40  Nexus  
  21  1:47  Pylon  
  21  1:50  Probe  
  22  1:56  Stalker  
  22  2:02  Probe  
  22  2:04  Warp Gate  
  25  2:14  Probe  
  26  2:26  Probe, Stargate  
  27  2:35  Stalker  
  28  2:38  Probe  
  29  2:50  Probe  
  30  2:52  Probe  
  31  3:01  Gateway  
  31  3:02  Oracle, Probe  
  31  3:04  Probe, Gateway  
  34  3:19  Stalker  
  36  3:22  Probe  
  36  3:24  Probe  
  38  3:29  Oracle  
  38  3:33  Pylon  
  38  3:35  Probe  
  42  3:42  Probe  
  42  3:47  Probe  
  44  3:54  Probe  
  45  3:59  Probe  
  46  4:05  Pylon  
  46  4:06  Probe  
  46  4:07  Stalker  
  46  4:08  Stalker  
  51  4:13  Stalker  
  51  4:14  Probe  
  54  4:22  Pylon  
  54  4:23  Probe  
  55  4:27  Probe  
  56  4:35  Probe  
  53  4:39  Probe  
  53  4:45  Probe  
  47  4:47  Stalker x3  
  47  4:48  Probe  
  50  4:55  Assimilator  
  50  4:56  Probe  
  50  4:57  Assimilator  
  51  5:01  Probe  
  51  5:02  Forge  
  51  5:06  Probe  
  52  5:09  Twilight Council  
  54  5:17  Stalker x2  
  54  5:18  Probe  
  54  5:20  Stalker  
  60  5:25  Pylon  
  60  5:26  Protoss Ground Weapons Level 1  
  60  5:31  Blink  
  60  5:48  Probe  
  61  5:53  Robotics Facility  
  61  5:57  Probe, Nexus  
  61  6:00  Pylon  
  61  6:01  Stalker  
  64  6:04  Probe  
  64  6:05  Pylon  
  65  6:16  Stalker, Pylon  
  65  6:17  Stalker  
  65  6:18  Probe x2  
  71  6:33  Sentry, Gateway  
  71  6:34  Gateway  
  71  6:35  Observer, Probe  
  71  6:39  Pylon  
  74  6:41  Robotics Bay  
  74  6:43  Probe  
  76  6:51  Pylon  
  76  6:52  Sentry  
  76  6:53  Probe  
  79  6:55  Pylon  
  79  6:57  Stalker  
  79  6:58  Probe  
  82  7:11  Stalker  
  82  7:13  Probe  
  85  7:15  Pylon  
  85  7:18  Gateway  
  85  7:20  Disruptor  
  85  7:21  Probe  
  85  7:22  Photon Cannon  
  86  7:23  Shield Battery  
  86  7:26  Shield Battery, Stalker  
  88  7:31  Probe  
  88  7:33  Probe  
  88  7:34  Probe  
  94  7:43  Stalker x2  
  98  7:50  Pylon  
  90  7:52  Disruptor  
  82  8:00  Stalker x3  
  82  8:02  Probe  
  92  8:09  Probe x2  
  92  8:10  Assimilator  
  92  8:13  Charge  
  92  8:16  Photon Cannon  
  92  8:17  Stalker  
  92  8:18  Assimilator, Stalker  
  96  8:22  Pylon  
  99  8:31  Zealot  
  99  8:32  Stalker  
  98  8:45  Disruptor  
  98  8:46  Stalker  
  103  8:50  Stalker  
  103  8:51  Zealot x2  
  109  9:04  Stalker x2  
  105  9:12  Disruptor  
  105  9:16  Stalker x3  
  111  9:19  Probe  
  115  9:35  Stalker x3  
  121  9:41  Stalker x3  
  124  9:47  Disruptor  
  124  9:49  Probe x2  
  126  9:53  Dark Shrine  
  126  9:55  Gateway  
  126  9:58  Gateway  
  126  9:59  Forge  
  129  10:00  Forge, Zealot  
  129  10:01  Pylon  
  129  10:02  Nexus  
  129  10:03  Pylon  
  129  10:05  Phoenix  
  131  10:12  Pylon  
  133  10:15  Pylon  
  133  10:21  Probe  
  134  10:22  Probe  
  134  10:25  Probe, Gateway  
  134  10:26  Pylon  
  136  10:30  Gateway, Zealot x2  
  136  10:34  Zealot  
  142  10:37  Pylon  
  142  10:40  Disruptor  
  142  10:41  Pylon  
  145  10:50  Zealot x5  
  153  11:04  Stalker  
  149  11:14  Protoss Ground Weapons Level 2  
  149  11:15  Protoss Ground Armor Level 1  
  149  11:16  Disruptor, Zealot x3  
  142  11:19  Adept  
  142  11:22  Probe x2  
  142  11:24  Pylon  
  146  11:29  Dark Templar x3  
  146  11:30  Zealot  
  152  11:40  Stalker, Zealot x3  
  152  11:42  Probe  
  152  11:46  Disruptor  
  159  11:56  Stalker x2  
  159  11:59  Probe  
  167  12:02  Assimilator  
  167  12:04  Dark Templar  
  167  12:07  Oracle, Dark Templar  
  171  12:09  Nexus  
  171  12:26  Fleet Beacon  
  171  12:28  Assimilator  
  171  12:35  Stargate  
  170  12:39  Zealot  
  170  12:40  Zealot x4  
  174  12:59  Pylon  
  167  13:07  Disruptor  
  167  13:11  Nexus  
  164  13:13  Pylon  
  164  13:14  Pylon  
  157  13:21  Stalker x4  
  165  13:32  Dark Templar  
  165  13:33  Zealot x2, Dark Templar  
  171  13:42  Tempest  
  171  13:43  Disruptor  
  169  13:54  Tempest  
  181  13:56  Pylon  
  173  14:14  Protoss Ground Armor Level 2  
  173  14:15  Pylon  
  167  14:20  Pylon  
  170  14:27  Tempest  
  176  14:37  Zealot, Dark Templar x2  
  176  14:38  Zealot  
  184  14:42  Dark Templar  
  184  14:43  Zealot x3  
  160  14:58  Zealot x2  
  149  15:06  Stalker x2  
  145  15:17  Nexus  
  145  15:18  Zealot, Dark Templar  
  145  15:32  Zealot x3  
  151  15:37  Oracle  
  154  15:57  Zealot, Dark Templar  
  154  15:58  Zealot  
  160  16:09  Zealot x3  
  161  16:13  Observer  
  161  16:17  Stalker  
  149  16:20  Stalker x2  
  142  16:30  Probe x2  
  140  16:42  Probe  
  137  16:52  Probe  
  138  17:00  Zealot x8  
  146  17:21  Zealot x2  
  146  17:22  Stalker x4  
  153  17:24  Probe  
  154  17:37  Dark Templar  
  154  17:38  Zealot  
  112  18:01  Zealot x7  
Show
View Real Time Build Order
Export as new Build Order

Bunny Terran - Winner!

Build Orders: Reaper Expand, MMM Bio 

Get SALT Encoding   

  12  0:00  SCV  
  13  0:12  SCV  
  14  0:16  Supply Depot  
  14  0:24  SCV  
  15  0:38  SCV, Barracks  
  16  0:43  Refinery  
  16  0:50  SCV  
  17  1:02  SCV  
  18  1:14  SCV  
  19  1:26  Orbital Command, Reaper  
  20  1:39  Command Center  
  20  1:49  Supply Depot  
  20  1:52  SCV  
  21  2:01  Barracks Reactor  
  21  2:04  SCV  
  22  2:16  SCV  
  22  2:22  Barracks x2  
  23  2:28  SCV  
  24  2:37  Marine x2  
  24  2:41  SCV  
  24  2:44  Engineering Bay  
  27  2:50  Orbital Command  
  27  2:53  SCV  
  27  2:55  Marine x2  
  30  3:05  SCV  
  31  3:12  Barracks Tech Lab, Marine  
  30  3:13  Marine x2  
  30  3:14  Terran Infantry Weapons Level 1  
  30  3:15  Bunker  
  30  3:16  SCV  
  30  3:17  SCV  
  35  3:29  SCV x2  
  35  3:30  Marine x3  
  40  3:38  Refinery, Marine  
  40  3:41  Missile Turret, SCV x2  
  42  3:46  Stimpack  
  43  3:48  Marine x2  
  43  3:51  Supply Depot  
  43  3:53  Supply Depot  
  45  3:55  SCV  
  45  3:58  SCV  
  46  4:05  Barracks Tech Lab  
  46  4:09  Supply Depot  
  46  4:11  Refinery  
  46  4:12  Marine  
  46  4:13  SCV x2, Marine  
  46  4:14  Marine  
  46  4:16  Supply Depot  
  51  4:25  SCV x2  
  51  4:26  Factory  
  51  4:29  Marine  
  51  4:30  Marine  
  55  4:31  Marine x2  
  52  4:40  SCV x2  
  49  4:47  Marine  
  49  4:48  Marine  
  49  4:49  Marine x2  
  49  4:52  Combat Shield, SCV x2  
  53  4:59  Supply Depot  
  52  5:01  Missile Turret  
  52  5:05  SCV x2  
  54  5:08  Marine  
  54  5:11  Starport  
  54  5:12  Factory Reactor  
  55  5:17  SCV x2  
  55  5:19  Terran Infantry Armor Level 1  
  57  5:22  Supply Depot  
  57  5:28  Marine x2  
  58  5:29  SCV x2  
  58  5:32  Marine x2  
  63  5:41  SCV x2  
  64  5:48  Command Center  
  62  5:55  Factory Reactor, Medivac  
  62  5:56  Medivac  
  66  5:57  SCV  
  66  5:58  SCV  
  66  6:01  Marauder  
  66  6:02  Refinery  
  70  6:06  Marauder, Marine x2  
  74  6:15  Concussive Shells  
  74  6:16  Barracks  
  74  6:17  SCV  
  75  6:18  Barracks  
  75  6:20  SCV  
  75  6:25  Medivac  
  75  6:26  Medivac  
  75  6:32  Marauder x2  
  83  6:33  Marine x2  
  83  6:37  Widow Mine x2  
  89  6:40  SCV x2  
  91  6:51  Marine x2  
  93  6:56  Supply Depot x2  
  93  6:59  Marauder x2, Medivac  
  99  7:05  Orbital Command  
  99  7:06  SCV x2  
  101  7:08  Barracks Tech Lab, Barracks Reactor  
  101  7:11  Marine x2  
  103  7:16  Medivac  
  103  7:17  Widow Mine x2  
  103  7:21  Marauder x2  
  113  7:24  Armory  
  113  7:26  Supply Depot  
  113  7:31  Orbital Command  
  113  7:33  SCV x2  
  116  7:37  Marauder  
  116  7:39  Marine x2  
  116  7:42  Marauder x2  
  116  7:43  Medivac  
  105  7:47  Widow Mine x2  
  107  7:53  Liberator  
  107  7:54  Marine x2  
  107  7:56  Marine  
  107  7:57  Marine  
  107  7:58  Marauder, SCV x3  
  112  8:01  Liberator  
  112  8:02  Refinery  
  112  8:04  Marauder  
  114  8:10  Refinery  
  114  8:12  Marine x2  
  119  8:14  SCV, Marine x2  
  119  8:15  SCV x2  
  125  8:26  Command Center  
  125  8:27  SCV x3  
  127  8:29  Marauder  
  127  8:33  Terran Infantry Weapons Level 2  
  130  8:45  Marauder, Marine  
  133  8:49  Supply Depot  
  133  8:50  Marauder x2, Supply Depot, Marine x3  
  133  8:51  Supply Depot  
  137  8:56  Liberator x2  
  135  9:06  Marauder  
  127  9:11  Marine x2  
  127  9:12  Marauder x2  
  137  9:19  Widow Mine  
  137  9:20  Widow Mine  
  141  9:28  Marauder, Marine x2  
  141  9:29  Marine  
  134  9:33  Marauder x2  
  134  9:39  SCV x3, Liberator x2  
  134  9:40  Starport, Planetary Fortress  
  134  9:41  Fusion Core  
  134  9:43  Marine  
  138  9:46  Marine x2  
  138  9:49  Marauder  
  135  9:54  Marauder  
  135  9:58  SCV x2  
  135  9:59  SCV  
  146  10:05  Marauder  
  146  10:06  Refinery  
  147  10:08  Marine x4  
  147  10:11  Marauder  
  154  10:14  SCV x3  
  154  10:16  Marauder  
  154  10:18  SCV  
  154  10:19  Sensor Tower  
  159  10:25  Starport Tech Lab, Marine  
  159  10:26  SCV x3, Marine x2, Terran Ship Weapons Level 1  
  159  10:27  Marauder  
  167  10:29  Refinery  
  167  10:30  SCV  
  167  10:31  Liberator  
  167  10:32  Marauder  
  170  10:39  Marauder, Marine  
  173  10:43  Marine x2  
  173  10:44  Supply Depot, Marine  
  173  10:47  Advanced Ballistics  
  173  10:48  Marauder, Liberator  
  178  10:53  Marauder  
  180  10:58  Liberator  
  180  11:00  Marauder  
  180  11:02  Missile Turret  
  180  11:03  Missile Turret  
  180  11:09  Marauder  
  180  11:10  Barracks x2  
  175  11:15  Marauder  
  171  11:27  Marauder  
  171  11:28  Marine x3  
  171  11:29  Marine  
  171  11:31  Marauder, Terran Infantry Armor Level 2, Medivac  
  179  11:34  Engineering Bay  
  179  11:36  Marauder  
  177  11:46  Marine x3  
  180  11:47  Marine  
  180  11:48  Marauder, Medivac  
  180  11:52  Marauder  
  180  11:53  Supply Depot x2  
  187  12:03  Marine  
  187  12:08  Sensor Tower  
  188  12:11  Sensor Tower  
  188  12:14  Medivac  
  188  12:15  Marauder  
  191  12:23  Barracks Tech Lab, Barracks Reactor  
  191  12:28  Marauder, Marine x4  
  191  12:29  Marauder  
  199  12:39  Marine  
  199  12:46  Marine x2  
  199  12:49  Marine  
  191  12:58  Marauder  
  191  13:00  Marine  
  191  13:01  Marine x2  
  182  13:08  Marauder  
  154  13:14  Marine  
  154  13:18  SCV x4  
  157  13:20  Marine  
  157  13:21  Marine x5  
  160  13:30  SCV x3  
  160  13:32  SCV  
  160  13:35  Liberator x3  
  160  13:38  Marauder  
  160  13:39  Marauder x2  
  160  13:40  Marauder  
  164  13:46  Marine x6  
  172  13:59  Marine x2  
  172  14:00  Marauder  
  172  14:01  Marine  
  177  14:04  Marine x6  
  165  14:18  Marauder x2, Liberator x2  
  165  14:19  Marauder  
  165  14:21  Marauder  
  165  14:22  Marine x5  
  177  14:30  Marine  
  184  14:39  Marauder x2, Marine  
  184  14:40  Marine x4  
  184  14:41  Marauder  
  184  14:42  Marauder  
  177  14:48  Marine  
  161  14:53  SCV x2  
  161  14:57  Marine  
  161  14:58  Marine x4  
  153  15:00  SCV x2, Marine  
  153  15:01  Marauder, Viking  
  153  15:05  SCV  
  153  15:06  SCV  
  153  15:07  Terran Infantry Weapons Level 3  
  153  15:16  Marauder x2  
  153  15:17  Marine  
  156  15:28  Liberator  
  156  15:29  Liberator x2  
  153  15:44  Sensor Tower  
  162  16:00  Marauder  
  162  16:03  Marine x2  
  163  16:15  Marine x2  
  163  16:16  Liberator  
  151  16:22  Marauder, Marine  
  151  16:23  Marauder x3  
  157  16:28  Marine, Viking x2  
  157  16:29  Marine x2  
  164  16:40  Orbital Command  
  164  16:44  Marauder  
  166  16:47  Marine  
  166  16:48  Marauder x3  
  173  17:00  Viking x2  
  175  17:06  Marine  
  168  17:16  Viking  
  168  17:19  Marine  
  158  17:24  Marine  
  158  17:25  Marauder x3  
  158  17:27  Marine x2  
  167  17:30  Medivac x2  
  168  17:45  Sensor Tower  
Tags
 
Add a new tag
Caveats
  • Supply blocks, unpowered buildings, or Contaminate may cause inaccurate times.
  • Supply counts are checked every 10 seconds.